 Dungeon Crawl Stone Soup version 0.24.0-125-gc4c63601f3 (webtiles) character file.

Game seed: 4677522288803286450, levelgen mode: deterministic

14573 Peloso the Carver (level 11, -7/97 HPs)
             Began as a Minotaur Fighter on Mar 22, 2020.
             Was a High Priest of Okawaru.
             Killed from afar by a swamp worm (13 damage)
             ... with a harpoon shot
             ... on level 2 of the Lair of Beasts.
             The game lasted 00:30:50 (11964 turns).

Peloso the Carver (Minotaur Fighter)               Turns: 11964, Time: 00:30:50

Health: -7/97      AC: 18    Str: 22    XL:     11   Next: 90%
Magic:  10/10      EV: 10    Int:  7    God:    Okawaru [*****.]
Gold:   600        SH: 13    Dex: 12    Spells: 10/10 levels left

rFire    + . .     SeeInvis .   a - +4 long sword
rCold    . . .     Gourm    .   c - +0 shield
rNeg     . . .     Faith    .   D - +2 chain mail "Ihengoe" {rF+ Int+2}
rPois    .         Spirit   .   (helmet restricted)
rElec    .         Reflect  .   s - +0 cloak
rCorr    .         Harm     .   (no gloves)
MR       +....                  A - +1 pair of boots
Stlth    ..........             (no amulet)
HPRegen  0.26/turn              i - ring of protection from magic
MPRegen  0.12/turn              (no ring)

@: lethally poisoned (-7 -> -7)
A: retaliatory headbutt, horns 2
a: Heroism, Finesse, Renounce Religion


You were on level 2 of the Lair of Beasts.
You worshipped Okawaru.
Okawaru was extremely pleased with you.
You were very hungry.

You visited 3 branches of the dungeon, and saw 13 of its levels.
You also visited: Sewer.

You collected 600 gold pieces.

Inventory:

Hand Weapons
 a - a +4 long sword (weapon)
 E - the +7 dagger of Ulleamam {flame, *Drain +Rage rN+++ Dex-5}
   (You found it on level 6 of the Dungeon)

   It has been specially enchanted to burn those struck by it, causing extra
   injury to most foes and up to half again as much damage against particularly
   susceptible opponents.
   It affects your dexterity (-5).
   It renders you almost immune to negative energy.
   It lets you go berserk.
   It causes draining when unequipped.
 N - a +0 broad axe of flaming
Armour
 c - a +0 shield (worn)
 o - a +0 chain mail
 s - a +0 cloak (worn)
 A - a +1 pair of boots (worn)
 D - the +2 chain mail "Ihengoe" (worn) {rF+ Int+2}
   (You found it on level 6 of the Dungeon)

   It affects your intelligence (+2).
   It protects you from fire.
 J - a +0 plate armour
 M - a +1 chain mail of poison resistance
Jewellery
 b - a cursed ring of teleportation {unknown}
 i - a ring of protection from magic (left hand)
Wands
 d - a wand of iceblast (4)
 n - a wand of random effects (30)
 u - a wand of enslavement (17)
 C - a wand of flame (22)
 K - a wand of disintegration (12)
 L - a wand of polymorph (22)
Scrolls
 e - 8 scrolls of remove curse
 g - 3 scrolls of fear
 h - 6 scrolls of identify
 k - 2 scrolls of blinking
 p - 3 scrolls of noise {unknown}
 v - 2 scrolls of amnesia {unknown}
 x - 2 scrolls of magic mapping
 y - 2 scrolls of random uselessness {unknown}
 F - 5 scrolls of teleportation
 G - 2 scrolls of fog {unknown}
 H - 2 scrolls of vulnerability {unknown}
 I - a scroll of enchant weapon {unknown}
 O - 3 scrolls of enchant armour {unknown}
 P - a scroll of holy word {unknown}
Potions
 l - 2 potions of ambrosia
 m - 2 potions of berserk rage
 q - 4 potions of curing
 r - 3 potions of agility
 t - 6 potions of flight
 w - 2 potions of mutation
 z - 2 potions of might
 B - a potion of degeneration {unknown}
Comestibles
 f - 28 rations


   Skills:
 + Level 9.1 Fighting
 + Level 13.1 Long Blades
 + Level 11.4 Armour
 + Level 4.2 Dodging
 + Level 0.7 Stealth
 + Level 12.4 Shields
 + Level 0.1 Evocations


You had 10 spell levels left.
You didn't know any spells.
Your spell library contained the following spells:

 Spells                   Type           Power        Failure   Level  Hunger
 Flame Tongue             Conj/Fire      #....        98%         1    ##.....
 Magic Dart               Conj           #...         98%         1    ##.....
 Blink                    Tloc           N/A          99%         2    ###....
 Call Imp                 Summ           #.......     99%         2    ###....
 Slow                     Hex            #.......     99%         2    ###....
 Conjure Flame            Conj/Fire      #.......     100%        3    ####...
 Mephitic Cloud           Conj/Pois/Air  #.......     100%        3    ####...
 Static Discharge         Conj/Air       #.......     100%        3    ####...
 Bolt of Cold             Conj/Ice       #.........   100%        6    #######
 Spellforged Servitor     Conj/Summ      #.........   100%        7    #######


Dungeon Overview and Level Annotations

Branches:
Dungeon (10/15)            Temple (1/1) D:6            Lair (2/6) D:9
  Snake (0/4) Lair:2          Orc (0/2) D:10          Sewer (visited)
  Swamp: Lair:2-4    Shoals: Lair:2-4

Altars:
Ashenzari
Cheibriados
Dithmenos
Elyvilon
Fedhas
Gozag
Hepliaklqana
Kikubaaqudgha
Makhleb
Nemelex Xobeh
Okawaru
Qazlal
Ru
Sif Muna
Trog
Uskayaw
Vehumet
Wu Jian
Xom
Yredelemnul
Zin
The Shining One

Annotations:
D:8 3 runed translucent doors, Frank2's ghost, novice DsGl


Innate Abilities, Weirdness & Mutations

You reflexively headbutt those who attack you in melee.
You have a pair of horns on your head.


Message History

You hit the komodo dragon.
The komodo dragon is lightly wounded.
The komodo dragon bites you!
* * * LOW HITPOINT WARNING * * *
A swamp worm comes into view.
You barely miss the komodo dragon.
The komodo dragon is lightly wounded.
The komodo dragon barely misses you.
You riposte.
You hit the komodo dragon.
The komodo dragon is lightly wounded.
You slash the komodo dragon! Your headbutt misses the komodo dragon.
The komodo dragon is moderately wounded.
The sentinel's mark upon you fades away.
The komodo dragon bites you!
* * * LOW HITPOINT WARNING * * *
You slash the komodo dragon! You headbutt the komodo dragon.
The komodo dragon is severely wounded.
You feel sick.
The swamp worm throws harpoon shot at you.
The harpoon shot hits you!
You die...

#....# ...........
##....## ...........
#......### #........
##......#.### #........
#...........#####.#...##
##.............###...#P#
#...................####
#......†..........#.##
#.......l@............#
#....................##
#................)...#
#.....................#
##.#...................#
####...>..w.........###
##...............#
##.............##
##......#..##


You could see a komodo dragon and a swamp worm.

Vanquished Creatures
  Harold (D:10)
  Sonja (D:10)
  Pikel (D:5)
  An elephant (Lair:1)
  2 black mambas
  3 spiny frogs
  A rime drake (Lair:2)
  4 komodo dragons
  A hornet (D:10)
  3 blink frogs (Lair:1)
  4 hippogriffs
  Eustachio (D:9)
  A spriggan (D:7)
  4 yaks (Lair:1)
  A wyvern (D:10)
  2 hungry ghosts
  A basilisk (Lair:1)
  A steam dragon (D:7)
  Edmund (D:5)
  10 water moccasins
  6 porcupines
  A phantom (D:5)
  2 orc warriors
  2 black bears (D:8)
  6 ogres
  4 centaurs
  A crocodile (Lair:1)
  Blork the orc (D:5)
  2 big kobolds
  4 bullfrogs
  A gnoll sergeant (D:6)
  A water moccasin zombie (D:9)
  2 scorpions
  12 killer bees
  13 wights
  8 howler monkeys
  2 crimson imps
  A centaur zombie (D:6)
  A lava snake (D:10)
  2 bullfrog zombies
  6 hounds
  2 bullfrog skeletons
  5 jellies
  A centaur skeleton (D:9)
  2 orc priests
  9 orc wizards
  Crazy Yiuf (D:2)
  Terence (D:2)
  Ijyb (D:3)
  4 hell rats (Lair:1)
  6 worker ants
  A killer bee zombie (D:9)
  2 hound skeletons
  A howler monkey zombie (D:5)
  A howler monkey skeleton (D:8)
  9 gnolls
  13 adders
  8 river rats
  A shadow imp (D:6)
  2 oozes
  3 adder zombies
  An adder skeleton (D:4)
  2 worms
  2 dart slugs (D:2)
  4 leopard geckos
  28 orcs
  6 ball pythons
  5 giant cockroaches
  8 goblins
  11 hobgoblins
  10 jackals
  22 kobolds
  4 quokkas
  6 bats
  5 frilled lizards
  2 jackal skeletons
  2 quokka skeletons (D:4)
  22 rats
335 creatures vanquished.

Vanquished Creatures (others)
  2 slaves (D:5)
  A bullfrog (D:7)
  A scorpion (D:5)
  An orc wizard (D:3)
  3 fungi (Lair:2)
  4 plants
12 creatures vanquished.

Grand Total: 347 creatures vanquished

Notes
Turn   | Place    | Note
-------+----------+-------------------------------------------
     0 | D:1      | Peloso the Minotaur Fighter began the quest for the Orb.
     0 | D:1      | Reached XP level 1. HP: 19/19 MP: 0/0
    80 | D:1      | Reached XP level 2. HP: 25/27 MP: 1/1
   212 | D:1      | Reached XP level 3. HP: 28/33 MP: 2/2
   623 | D:2      | Found a snail-covered altar of Cheibriados.
   630 | D:2      | Reached skill level 3 in Long Blades
   800 | D:2      | Noticed Terence
   816 | D:2      | Killed Terence
   816 | D:2      | Reached XP level 4. HP: 7/40 MP: 3/3
  1171 | D:2      | Found a runed translucent door.
  1172 | D:2      | Noticed Crazy Yiuf
  1638 | D:2      | Killed Crazy Yiuf
  1638 | D:2      | Reached skill level 1 in Dodging
  1799 | D:3      | Noticed Ijyb
  1806 | D:3      | Reached skill level 4 in Long Blades
  1806 | D:3      | Reached XP level 5. HP: 39/47 MP: 4/4
  1809 | D:3      | Killed Ijyb
  1937 | D:3      | Found a glowing drain.
  1946 | Sewer    | Entered a sewer
  2039 | Sewer    | Reached skill level 5 in Long Blades
  2039 | Sewer    | Reached skill level 5 in Shields
  2039 | Sewer    | Reached XP level 6. HP: 48/53 MP: 5/5
  2072 | Sewer    | Found a white marble altar of Elyvilon.
  3091 | D:4      | Reached skill level 5 in Armour
  3682 | D:5      | Entered Level 5 of the Dungeon
  3690 | D:5      | Noticed Blork the orc
  3699 | D:5      | Killed Blork the orc
  3699 | D:5      | Reached XP level 7. HP: 50/60 MP: 6/6
  3786 | D:5      | Noticed Pikel
  3793 | D:5      | Reached skill level 5 in Fighting
  3793 | D:5      | Reached skill level 6 in Long Blades
  3821 | D:5      | Killed Pikel
  3821 | D:5      | Reached skill level 7 in Long Blades
  3821 | D:5      | Reached XP level 8. HP: 54/69 MP: 7/7
  4192 | D:5      | Noticed Edmund
  4215 | D:5      | Killed Edmund
  4235 | D:5      | Reached skill level 8 in Long Blades
  4546 | D:6      | Got a scorched chain mail
  4557 | D:6      | Identified the +2 chain mail "Ihengoe" {rF+ Int+2} (You
                  | found it on level 6 of the Dungeon)
  4620 | D:6      | Got a dazzling dagger
  4621 | D:6      | Identified the +7 dagger of Ulleamam {flame, *Drain +Rage
                  | rN+++ Dex-5} (You found it on level 6 of the Dungeon)
  4918 | D:6      | Found a staircase to the Ecumenical Temple.
  4945 | Temple   | Entered the Ecumenical Temple
  5682 | D:6      | Found a burning altar of Makhleb.
  5743 | D:7      | Reached XP level 9. HP: 62/75 MP: 8/8
  5956 | D:7      | Found an iron altar of Okawaru.
  5982 | D:7      | Became a worshipper of Warmaster Okawaru
  6126 | D:7      | Reached skill level 9 in Long Blades
  6948 | D:8      | Reached * piety under Okawaru
  6956 | D:8      | Found a bloodstained altar of Trog.
  7403 | D:8      | Reached skill level 10 in Long Blades
  7499 | D:8      | Found an ornate altar of the Wu Jian Council.
  7499 | D:8      | Found a glowing golden altar of the Shining One.
  7499 | D:8      | Found a radiant altar of Vehumet.
  7499 | D:8      | Found a snail-covered altar of Cheibriados.
  7504 | D:8      | Found a sparkling altar of Nemelex Xobeh.
  7644 | D:8      | Reached XP level 10. HP: 70/86 MP: 9/9
  7677 | D:8      | Reached ** piety under Okawaru
  7696 | D:8      | Found a runed translucent gate.
  7696 | D:8      | Found a runed translucent gate.
  7696 | D:8      | Found a runed translucent gate.
  7702 | D:8      | Noticed Frank2's ghost (novice DsGl)
  7971 | D:9      | Reached skill level 10 in Shields
  7986 | D:9      | Found a shattered altar of Ashenzari.
  8210 | D:9      | Found a staircase to the Lair.
  8365 | D:9      | Reached *** piety under Okawaru
  8641 | D:9      | Noticed Eustachio
  8664 | D:9      | Killed Eustachio
  8829 | D:10     | Entered Level 10 of the Dungeon
  8829 | D:10     | Noticed Sonja
  8841 | D:10     | Identified the Tome of Frigorific Confrontation
  8882 | D:10     | Found a staircase to the Orcish Mines.
  8930 | D:10     | Killed Sonja
  8930 | D:10     | Reached skill level 11 in Long Blades
  8930 | D:10     | Reached skill level 10 in Armour
  8932 | D:10     | Noticed Harold
  8952 | D:10     | Killed Harold
  8952 | D:10     | Reached **** piety under Okawaru
  9568 | D:10     | Reached XP level 11. HP: 92/94 MP: 10/10
  9574 | D:10     | Reached ***** piety under Okawaru
  9781 | D:10     | Noticed a storm dragon
  9827 | Lair:1   | Entered Level 1 of the Lair of Beasts
 10041 | Lair:1   | Reached skill level 12 in Long Blades
 10676 | Lair:1   | Received a gift from Okawaru
 11196 | Lair:2   | Found a staircase to the Snake Pit.
 11452 | Lair:2   | Reached skill level 13 in Long Blades
 11925 | Lair:2   | Received a gift from Okawaru
 11964 | Lair:2   | Killed from afar by a swamp worm

Levels and vault maps discovered:
D:1:      evilmike_arrival_rings, layout_rooms
D:2:      layout_loops_ring, first_ration, kennysheep_slug_shrine,
          uniq_crazy_yiuf_cottage, uniq_terence
D:3:      layout_basic, portal_sewer_entry_e, uniq_ijyb
D:4:      layout_basic
D:5:      layout_loops_ring, uniq_blork_the_orc, uniq_pikel, uniq_edmund
D:6:      layout_loops_ring, marbit_many_paths,
          minmay_temple_entry_gardened_gates, minmay_crossroads
D:7:      layout_layer_cave, okawaru_ov_weapons_minmay, the_bakery
D:8:      layout_basic, trog_ov_bears_minmay, minitemple,
          gammafunk_ghost_spectres
D:9:      layout_gridville, david_lair_shrubbed, basic_altar,
          grunt_ministairs_13, sword_in_stone
D:10:     layout_cave_pods, orc_0_dummy, kennysheep_island_fort, uniq_sonja,
          uniq_harold
Temple:   eino_narrow_crystal_temple
Lair:1:   layout_regular_city, kennysheep_abandoned_house,
          infiniplex_staircase_pool_2
Lair:2:   layout_cave_pods, nicolae_swamp_entry_splash_gauntlet,
          minmay_snake_entry_six_corridors

Skill      XL: |  1  2  3  4  5  6  7  8  9 10 11 |
---------------+----------------------------------+-----
Shields        | 4 5 6 7 9 11 12 | 12.4
Fighting       | 4 5 6 7 9 |  9.1
Armour         | 4 5 6 7 9 10 11 | 11.4
Long Blades    | 3 4 5 7 8 10 11 13 | 13.1
Dodging        | 1 2 3 4 |  4.2
Stealth        | |  0.7
Evocations     | |  0.1

Action                   |  1- 3 |  4- 6 |  7- 9 | 10-12 || total
-------------------------+-------+-------+-------+-------++-------
Melee: Long sword        |    89 |   116 |       |   339 ||   544
       Headbutt          |    14 |    33 |   104 |   122 ||   273
       Falchion          |       |    87 |   462 |   186 ||   735
Invok: Heroism           |       |       |       |     2 ||     2
Evoke: Wand              |       |       |       |     2 ||     2
  Use: Potion            |       |     1 |     1 |     2 ||     4
       Scroll            |       |     5 |     8 |     1 ||    14
  Eat: Chunk             |       |     9 |     8 |    15 ||    32
       Ration            |       |       |     2 |       ||     2
Armor: Scale mail        |    45 |       |       |       ||    45
       Chain mail        |       |   109 |   257 |   207 ||   573
Dodge: Dodged            |    23 |    48 |   117 |   155 ||   343
Block: Shield            |    61 |   114 |   283 |   342 ||   800
       Rpst.: Long sword |     4 |    13 |       |    36 ||    53
       Falchion          |       |     3 |    37 |    11 ||    51
